 Dungeon Crawl Stone Soup version 0.30-a0-672-gc3a7216ad8 (webtiles) character file.

Game seed: 2287027831563414892

222920 Lobster4 the Axe Maniac (level 19, 0/177 (191) HPs)
             Began as a Hill Orc Fighter on Jan 17, 2023.
             Was the Champion of Trog.
             Slain by a tengu reaver
             ... wielding a +1 long sword of draining
              (4 damage)
             ... on level 2 of the Vaults on Jan 18, 2023.
             The game lasted 01:23:33 (37085 turns).

Lobster4 the Axe Maniac (Hill Orc Fighter)         Turns: 37085, Time: 01:23:34

HP:   0/177 (191)   AC: 19    Str: 33    XL:     19   Next: 25%
MP:   19/19         EV: 15    Int:  8    God:    Trog [******]
Gold: 1384          SH:  0    Dex: 10    Spells: 18/18 levels left

rFire   + . .      SeeInvis .    a - +5 battleaxe "Grim" {spect, rElec rF+}
rCold   + . .      Faith    .    (shield currently unavailable)
rNeg    . . .      Spirit   .    X - +3 ring mail {rPois}
rPois   +          Reflect  .    t - +0 hat of Baulerghi {rC+}
rElec   +          Harm     .    (no cloak)
rCorr   .          Rampage  .    y - +2 pair of gloves
Will    +....                    P - +2 pair of boots Stlth
                                 I - amulet of the acrobat
HPRegen 0.49/turn                Q - +6 ring of strength
MPRegen 0.16/turn                H - +4 ring of slaying

@: drained
A: no striking features
}: 1/15 runes: serpentine
a: Renounce Religion, Berserk, Trog's Hand, Brothers in Arms


You were on level 2 of the Vaults.
You worshipped Trog.
Trog was exalted by your worship.
You visited 5 branches of the dungeon, and saw 28 of its levels.
You visited the Abyss 1 time.
You also visited: Sewer.

You collected 2965 gold pieces.
You spent 1581 gold pieces at shops.

Inventory:

Hand Weapons
 a - the +5 battleaxe "Grim" (weapon) {spect, rElec rF+}
   (You bought it in a shop on level 7 of the Dungeon)

   rF:        It protects you from fire.
   rElec:     It insulates you from electricity.
 E - the +6 battleaxe of Guilt {flame, rElec rC++ Str-2}
   (Trog gifted it to you on level 4 of the Snake Pit)

   Str:       It affects your strength (-2).
   rC:        It greatly protects you from cold.
   rElec:     It insulates you from electricity.
 O - a +4 broad axe of flaming
Missiles
 v - 5 boomerangs of dispersal
 z - 53 poisoned darts (quivered)
 F - 2 curare-tipped darts
 T - 5 javelins
Armour
 c - a +0 kite shield of resistance
 g - a +2 helmet
 t - the +0 hat of Baulerghi (worn) {rC+}
   (You found it on level 1 of the Orcish Mines)

   rC:        It protects you from cold.
 y - a +2 pair of gloves (worn)
 K - a +1 chain mail of willpower
 P - a +2 pair of boots (worn)
 V - +0 acid dragon scales
 X - a +3 ring mail of poison resistance (worn)
Jewellery
 i - a ring of ice
 n - a ring of resist corrosion
 r - a ring of see invisible
 w - a +5 ring of evasion
 H - a +4 ring of slaying (right hand)
 I - an amulet of the acrobat (around neck)
 J - a ring of protection from fire
 Q - a +6 ring of strength (left hand)
 R - a ring of positive energy
Wands
 h - a wand of charming (20)
 M - a wand of light (18)
 S - a wand of roots (38)
 U - a wand of flame (38)
Scrolls
 e - 5 scrolls of enchant weapon
 j - 8 scrolls of teleportation
 k - 3 scrolls of magic mapping
 o - a scroll of brand weapon
 p - 2 scrolls of immolation
 u - 6 scrolls of poison
 x - 9 scrolls of identify
 A - 4 scrolls of fear
 B - 4 scrolls of enchant armour
 D - 6 scrolls of fog
 G - 5 scrolls of blinking
 L - a scroll of silence
Potions
 b - 2 potions of ambrosia
 d - 3 potions of might
 f - 3 potions of invisibility
 l - 12 potions of curing
 m - 4 potions of cancellation
 s - a potion of resistance
 C - 3 potions of haste
 N - 4 potions of flight
 Y - 2 potions of lignification
 Z - a potion of heal wounds
Miscellaneous
 q - a tin of tremorstones (2/2)
 W - a lightning rod (4/4)


   Skills:
 + Level 21.8 Fighting
 O Level 27 Axes
 - Level 1.0 Ranged Weapons
 - Level 3.0 Throwing
 + Level 17.7 Armour
 + Level 11.0 Dodging
 - Level 7.0 Shields
 - Level 3.0 Evocations


You had 18 spell levels left.
You didn't know any spells.
Your spell library was empty.

Dungeon Overview and Level Annotations

Branches:
Dungeon (15/15)            Temple (0/1) D:5            Lair (5/5) D:8
 Shoals (0/4) Lair:3        Snake (4/4) Lair:2        Slime (0/5) Lair:5
    Orc (2/2) D:10            Elf (0/3) Orc:2        Vaults (2/5) D:13
 Depths (0/4) D:15          Sewer (visited)
  Crypt: Vaults:2-3

Altars:
Ashenzari
Ru
Trog
Wu Jian
Zin
Lugonu

Shops:
D:7 (   D:14 !   Orc:1 ?   Orc:2 [!!=   Snake:2 ((!   Snake:4 (

Portals:
Abyss: D:4
Trove: D:13 (give +2 fire dragon scales)

Annotations:
D:15 1 runed translucent door
Vaults:2 Margery


Message History

You are too injured to fight recklessly!
You closely miss the vault sentinel. You slash the vault warden!
Flame seeps out of the vault warden.
You hit the brown ugly thing. Trog accepts your kill.
You hit the brown very ugly thing.
Flame seeps out of the brown very ugly thing.
The brown ugly thing explodes!
The fiery explosion engulfs the brown ugly thing!!
Flame seeps out of the brown ugly thing.
The brown ugly thing is moderately wounded.
The fiery explosion engulfs the brown very ugly thing!
Flame seeps out of the brown very ugly thing.
The brown very ugly thing is lightly wounded.
The fiery explosion engulfs you!! You resist.
You are engulfed in blazing flames.
You resist.
* * * LOW HITPOINT WARNING * * *
You feel sick.
The brown ugly thing is engulfed in blazing flames.
Flame seeps out of the brown ugly thing.
Blink to where?
Press: ? - help, Dir - move target A peacekeeper comes into view.
Found a dagger.
As you read the scroll of blinking, it crumbles to dust.
You feel sick.
The peacekeeper roars!
The sphinx casts a spell.
Something smites you!
* * * LOW HITPOINT WARNING * * *
The tengu reaver gestures at you while chanting.
The bolt of negative energy hits you!!
You feel drained.
* * * LOW HITPOINT WARNING * * *
The vault warden is engulfed in blazing flames.
Flame seeps out of the vault warden.
You feel better. The ice encasing you melts away.
The tengu reaver hits you with a +1 long sword of draining!
* * * LOW HITPOINT WARNING * * *
You feel drained.
You die...

# ##### #. ##..)# ..
#....# .##.##.?..#
..9C....@.# #############
#.#.#.#Q#####............
..#...#...#............
#8##...⌠.#............
p.#..p#...'............
##.#.#u#p#####............
....e.u§...# #............
.[.##.##°$..##.........#+#
#. #....##........## #


You could see a vault warden (inner flame), a tengu reaver (inner flame), an
ettin, an ironbound frostheart (inner flame), a vault sentinel (inner flame) and
a peacekeeper.

Vanquished Creatures
  Vashnia (Snake:4)
  Asterion (Vaults:1)
  Frances (D:14)
  Gastronok (Lair:1)
  A sphinx (D:12)
  A storm dragon (D:12)
  A tengu reaver (Vaults:1)
  4 nagarajas
  4 vault wardens (Vaults:1)
  2 ironbound thunderhulks (Vaults:1)
  4 very ugly things (Vaults:2)
  6 ironbound preservers (Vaults:1)
  A stone giant (Vaults:1)
  A deep elf annihilator (Vaults:1)
  Nessos (D:13)
  9 dire elephants (Vaults:1)
  A great orb of eyes (shapeshifter) (D:13)
  3 yaktaur captains
  A vault guard (D:13)
  A peacekeeper (Vaults:1)
  Erolcha (D:9)
  5 salamander tyrants
  2 great orbs of eyes (Vaults:1)
  5 hydras
  15 centaur warriors
  9 anacondas
  4 catoblepae
  5 ironbound frosthearts
  6 two-headed ogres
  8 death yaks
  18 naga warriors
  9 naga sharpshooters
  7 boulder beetles
  A tengu warrior (D:14)
  8 shock serpents
  A fire crab (shapeshifter) (D:15)
  12 deep trolls
  6 salamander mystics
  11 naga ritualists
  A sea snake (Snake:3)
  9 wizards
  5 ironbound convokers (Vaults:1)
  2 necromancers
  3 orc knights
  7 lindwurms (Vaults:1)
  6 harpies (Vaults:1)
  2 deep elf zephyrmancers (Orc:1)
  2 deep elf pyromancers
  11 mana vipers
  A cyclops (Orc:2)
  23 ugly things
  5 manticores
  23 salamanders
  46 black mambas
  2 guardian serpents
  2 centaur zombies (D:15)
  A guardian serpent (shapeshifter) (D:15)
  A black mamba (shapeshifter) (D:13)
  27 naga magi
  4 vault sentinels (Vaults:1)
  A centaur skeleton (D:15)
  2 gargoyles
  3 torpor snails
  11 cane toads
  2 unseen horrors
  2 rime drakes
  5 kobold demonologists (D:11)
  3 komodo dragons
  An efreet (D:15)
  A freezing wraith (D:15)
  5 yaktaurs (Vaults:1)
  12 trolls
  9 polar bears
  A tarantella (D:15)
  A hornet (D:7)
  Grinder (D:5)
  A snapping turtle (Lair:3)
  9 blink frogs
  A raiju (shapeshifter) (D:14)
  14 dream sheep
  Sigmund (D:5)
  16 slime creatures
  A vampire (D:10)
  5 wyverns
  2 shadows
  3 hogs (D:11)
  2 wraiths
  4 basilisks
  63 yaks
  Eustachio (D:5)
  11 vampire mosquitoes
  A steam dragon (D:8)
  2 redbacks (D:15)
  71 nagas
  2 swamp worms (Lair:4)
  An acid dragon (D:9)
  A two-headed ogre zombie (D:10)
  Duvessa (D:5)
  14 water moccasins
  A swamp drake (Orc:1)
  4 ice beasts
  33 orc warriors
  7 sky beasts
  9 black bears
  4 ogres
  11 wolves
  23 centaurs
  4 phantoms
  6 kobold brigands
  9 bullfrogs
  A necrophage (D:6)
  3 scorpions
  4 wights (D:7)
  2 troll zombies (D:10)
  Dowan (D:5)
  5 killer bees (D:9)
  14 howler monkeys
  A crimson imp (Orc:1)
  4 lava snakes (Lair:2)
  12 orc priests
  4 jellies
  5 hounds
  2 gnoll boudas
  An iron imp (Orc:1)
  Jessica (D:3)
  6 iguanas
  Natasha (thrice) (D:3)
  24 orc wizards
  A boggart zombie (D:15)
  A boggart skeleton (D:15)
  5 ogre zombies (D:10)
  Robin (D:3)
  9 gnolls
  8 adders
  2 shadow imps
  5 white imps
  2 ufetubi (D:7)
  3 worms
  2 dart slugs
  82 orcs
  10 ball pythons
  6 bats
  14 endoplasms
  2 giant cockroaches
  15 goblins
  5 hobgoblins
  4 jackals (D:3)
  6 quokkas
  2 frilled lizards
  4 goblin zombies (D:10)
  A hobgoblin skeleton (D:10)
  5 hobgoblin zombies (D:10)
  38 kobolds
  4 orc skeletons (D:10)
  11 orc zombies (D:10)
  6 rats
  A fungus (Lair:5)
1107 creatures vanquished.

Vanquished Creatures (others)
  A gnoll (D:6)
  21 fungi
  42 plants
64 creatures vanquished.

Grand Total: 1171 creatures vanquished

Notes
Turn   | Place    | Note
-------+----------+-------------------------------------------
     0 | D:1      | Lobster4 the Hill Orc Fighter began the quest for the Orb.
     0 | D:1      | Reached XP level 1. HP: 19/19 MP: 1/1
    62 | D:1      | Reached skill level 3 in Axes
    62 | D:1      | Reached XP level 2. HP: 27/27 MP: 2/2
   148 | D:1      | You fall into a shaft and drop 1 floor!
   223 | D:2      | Reached XP level 3. HP: 33/33 MP: 3/3
   267 | D:2      | Reached skill level 4 in Axes
   404 | D:1      | Reached XP level 4. HP: 40/40 MP: 4/4
  1050 | D:2      | Noticed an ogre
  1062 | D:2      | Killed an ogre
  1063 | D:2      | Reached XP level 5. HP: 47/47 MP: 5/5
  1568 | D:3      | Reached skill level 5 in Axes
  1568 | D:3      | Reached skill level 1 in Ranged Weapons
  1593 | D:3      | Found a glowing drain.
  1617 | Sewer    | Entered a sewer
  1648 | Sewer    | Noticed a kobold brigand
  1655 | Sewer    | Reached XP level 6. HP: 47/53 MP: 6/6
  1896 | Sewer    | Reached skill level 5 in Fighting
  1896 | Sewer    | Reached skill level 6 in Axes
  2026 | D:3      | Noticed Robin
  2030 | D:3      | Noticed Jessica
  2050 | D:3      | Killed Robin
  2056 | D:3      | Killed Jessica
  2184 | D:3      | Reached XP level 7. HP: 61/61 MP: 7/7
  2190 | D:3      | Noticed Natasha
  2198 | D:3      | Killed Natasha
  2424 | D:3      | Noticed Natasha
  2427 | D:3      | Killed Natasha
  2514 | D:3      | Found a faded altar of an unknown god.
  2543 | D:3      | Found an ornate altar of the Wu Jian Council.
  2544 | D:3      | Found a sacrificial altar of Ru.
  2545 | D:3      | Found a bloodstained altar of Trog.
  2546 | D:3      | Found a glowing silver altar of Zin.
  2560 | D:3      | Became a worshipper of Trog the Wrathful
  2665 | D:3      | Noticed Natasha
  2674 | D:3      | Killed Natasha
  2774 | D:4      | Reached skill level 5 in Shields
  2835 | D:4      | Reached skill level 1 in Evocations
  2997 | D:4      | Reached skill level 7 in Axes
  2997 | D:4      | Reached skill level 1 in Throwing
  2997 | D:4      | Reached skill level 5 in Armour
  3268 | D:4      | Found a large runed translucent door.
  3269 | D:4      | Found a large runed translucent door.
  3269 | D:4      | Found a corrupted altar of Lugonu.
  3282 | D:4      | Reached * piety under Trog
  3324 | D:4      | Found a one-way gate to the infinite horrors of the Abyss.
  3557 | Abyss:1  | Cast into level 1 of the Abyss (kobold)
  3586 | D:4      | Escaped the Abyss
  3721 | D:5      | Entered Level 5 of the Dungeon
  3730 | D:5      | Noticed Duvessa
  3731 | D:5      | Noticed Dowan
  3801 | D:5      | Reached XP level 8. HP: 65/69 MP: 8/8
  3848 | D:5      | Found a staircase to the Ecumenical Temple.
  3909 | D:5      | Upgraded the game from 0.30-a0-652-gcc886f7154 to
                  | 0.30-a0-672-gc3a7216ad8
  3988 | D:5      | Killed Duvessa
  3993 | D:5      | Killed Dowan
  4129 | D:5      | Reached skill level 8 in Axes
  4187 | D:5      | Noticed Eustachio
  4201 | D:5      | Killed Eustachio
  4267 | D:5      | Noticed Grinder
  4282 | D:5      | Killed Grinder
  4413 | D:5      | Noticed Sigmund
  4424 | D:5      | Killed Sigmund
  4425 | D:5      | Reached skill level 9 in Axes
  4425 | D:5      | Reached XP level 9. HP: 78/78 MP: 9/9
  4859 | D:6      | Reached ** piety under Trog
  5590 | D:7      | Reached skill level 10 in Axes
  5594 | D:7      | Found Taty's Antique Weapon Emporium.
  5602 | D:7      | Bought a scorched battleaxe for 264 gold pieces
  5602 | D:7      | Identified the +5 battleaxe "Grim" {spect, rElec rF+} (You
                  | bought it in a shop on level 7 of the Dungeon)
  5998 | D:7      | Noticed a hornet
  6006 | D:7      | Killed a hornet
  6200 | D:7      | Reached XP level 10. HP: 76/88 MP: 10/10
  6206 | D:7      | Reached skill level 11 in Axes
  6388 | D:7      | Noticed a boulder beetle
  6402 | D:7      | Killed a boulder beetle
  6484 | D:7      | Noticed a purple ugly thing
  6496 | D:7      | Killed a purple ugly thing
  6497 | D:7      | Reached skill level 12 in Axes
  6688 | D:7      | Reached *** piety under Trog
  6849 | D:7      | Noticed a manticore
  6867 | D:7      | Killed a manticore
  7098 | D:7      | Reached skill level 13 in Axes
  7487 | D:8      | Noticed a death yak
  7544 | D:8      | Found a staircase to the Lair.
  7549 | D:8      | Killed a death yak
  7550 | D:8      | Reached skill level 1 in Dodging
  7550 | D:8      | Reached XP level 11. HP: 66/97 MP: 11/11
  7878 | D:8      | Noticed a two-headed ogre
  7883 | D:8      | Killed a two-headed ogre
  8206 | D:9      | Reached skill level 14 in Axes
  8339 | D:9      | Reached skill level 10 in Fighting
  8501 | D:9      | Reached **** piety under Trog
  8748 | D:9      | Noticed a two-headed ogre
  8758 | D:9      | Killed a two-headed ogre
  9025 | D:9      | Noticed Erolcha
  9031 | D:9      | Killed Erolcha
  9071 | D:9      | Noticed a seven-headed hydra
  9098 | D:10     | Entered Level 10 of the Dungeon
  9149 | D:10     | Found a staircase to the Orcish Mines.
  9172 | D:10     | Reached skill level 15 in Axes
  9173 | D:10     | Reached ***** piety under Trog
  9724 | D:10     | Reached XP level 12. HP: 108/108 MP: 12/12
  9944 | Orc:1    | Entered Level 1 of the Orcish Mines
 10132 | Orc:1    | Reached skill level 10 in Armour
 10416 | Orc:1    | Found Gixinan's Magic Scroll Emporium.
 10423 | Orc:1    | Bought a scroll of blinking for 75 gold pieces
 10423 | Orc:1    | Bought a scroll of vulnerability for 40 gold pieces
 10430 | Orc:1    | Bought a scroll of fog for 40 gold pieces
 10572 | Orc:1    | Identified the +0 hat of Baulerghi {rC+}
 10585 | Orc:1    | Received a gift from Trog
 10592 | Orc:1    | Reached skill level 16 in Axes
 10949 | Orc:2    | Entered Level 2 of the Orcish Mines
 10969 | Orc:2    | Found a staircase to the Elven Halls.
 11387 | Orc:2    | Noticed a centaur warrior
 11396 | Orc:2    | Killed a centaur warrior
 11801 | Orc:2    | Reached skill level 17 in Axes
 12276 | Orc:2    | Received a gift from Trog
 12647 | Orc:2    | Found Tuorph's Distillery.
 12647 | Orc:2    | Found Reakkuyqe's Distillery.
 12649 | Orc:2    | Found Atyrgheat's Antique Armour Shoppe.
 12651 | Orc:2    | Found Niceat's Jewellery Boutique.
 12655 | Orc:2    | Bought a potion of lignification for 42 gold pieces
 12655 | Orc:2    | Bought a potion of heal wounds for 70 gold pieces
 12656 | Orc:2    | Bought a potion of ambrosia for 96 gold pieces
 12875 | D:9      | Killed a one-headed hydra
 13192 | Lair:1   | Entered Level 1 of the Lair of Beasts
 13303 | Lair:1   | Reached XP level 13. HP: 118/118 MP: 13/13
 13472 | Lair:1   | Noticed Gastronok
 13483 | Lair:1   | Killed Gastronok
 13484 | Lair:1   | Reached skill level 18 in Axes
 14105 | Lair:2   | Found a staircase to the Snake Pit.
 15476 | Lair:3   | Received a gift from Trog
 15478 | Lair:3   | Reached skill level 19 in Axes
 15516 | Lair:3   | Found a staircase to the Shoals.
 15846 | Lair:4   | Reached skill level 5 in Dodging
 16410 | Lair:4   | Reached XP level 14. HP: 129/129 MP: 14/14
 17197 | Orc:2    | Bought a spiked plate armour for 784 gold pieces
 17197 | Orc:2    | Identified the +1 plate armour of the Other Side {Harm
                  | *Slow rF+ rC+} (You bought it in a shop on level 2 of the
                  | Orcish Mines)
 17399 | Lair:5   | Entered Level 5 of the Lair of Beasts
 17821 | Lair:5   | Reached skill level 20 in Axes
 17964 | Lair:5   | Reached ****** piety under Trog
 18079 | Lair:5   | Received a gift from Trog
 18395 | Lair:5   | Found a staircase to the Slime Pits.
 19248 | D:10     | Reached skill level 21 in Axes
 19285 | D:11     | Found a huge runed translucent gate.
 19285 | D:11     | Found a huge runed translucent gate.
 19285 | D:11     | Found a huge runed translucent gate.
 19285 | D:11     | Found a huge runed translucent gate.
 19382 | D:11     | Reached skill level 15 in Fighting
 19560 | D:11     | Identified the +6 flail "Geweabloocu" {heavy, rElec rN+++
                  | Dex+3}
 19881 | D:11     | Reached XP level 15. HP: 97/141 MP: 15/15
 20077 | D:12     | Found a broken altar of Ashenzari.
 20237 | D:12     | Received a gift from Trog
 20714 | D:12     | Noticed a storm dragon
 20714 | D:12     | Noticed a sphinx
 20720 | D:12     | Killed a sphinx
 20725 | D:12     | Killed a storm dragon
 21256 | D:13     | Reached skill level 22 in Axes
 21334 | D:13     | Noticed Nessos
 21342 | D:13     | Killed Nessos
 21735 | D:13     | Found a transporter.
 21737 | D:13     | Found a transporter.
 22021 | D:13     | Found a gate to the Vaults.
 22170 | D:13     | Found a portal to a secret trove of treasure.
 22403 | D:14     | Noticed Frances
 22411 | D:14     | Killed Frances
 22447 | D:14     | Received a gift from Trog
 23224 | D:14     | Found Iqoeps's Distillery.
 23242 | D:14     | Bought a potion of resistance for 170 gold pieces
 23295 | D:14     | Found a bloodstained altar of Trog.
 23963 | D:15     | Entered Level 15 of the Dungeon
 24396 | D:15     | Reached skill level 23 in Axes
 24396 | D:15     | Reached XP level 16. HP: 155/155 MP: 16/16
 24408 | D:15     | Found a staircase to the Depths.
 24798 | D:15     | Found a runed translucent door.
 24799 | D:15     | Noticed a tengu reaver
 24802 | D:15     | Identified the ring "Ivyalien" {Fly rN+ Dex+4}
 25207 | Snake:1  | Entered Level 1 of the Snake Pit
 25371 | Snake:1  | Received a gift from Trog
 26667 | Snake:2  | Reached skill level 15 in Armour
 27491 | Snake:2  | Reached skill level 24 in Axes
 27888 | Snake:2  | Found Jyab's Distillery.
 27892 | Snake:2  | Found Xokk's Weapon Emporium.
 27893 | Snake:2  | Found Taekke's Weapon Shoppe.
 28886 | Snake:3  | Reached XP level 17. HP: 141/168 MP: 17/17
 29139 | Snake:3  | Received a gift from Trog
 29902 | Snake:3  | Reached skill level 25 in Axes
 30583 | Snake:4  | Entered Level 4 of the Snake Pit
 30903 | Snake:4  | Received a gift from Trog
 31900 | Snake:4  | Found Pumirh Vuirph's Weapon Shoppe.
 32020 | Snake:4  | Noticed Vashnia
 32033 | Snake:4  | Killed Vashnia
 32339 | Snake:4  | Reached XP level 18. HP: 152/180 MP: 18/18
 32763 | Snake:4  | Identified the +6 battleaxe of Guilt {flame, rElec rC++
                  | Str-2} (Trog gifted it to you on level 4 of the Snake Pit)
 32763 | Snake:4  | Received a gift from Trog
 32776 | Snake:4  | Reached skill level 26 in Axes
 32817 | Snake:4  | Got a serpentine rune of Zot
 33351 | Vaults:1 | Entered Level 1 of the Vaults
 33649 | Vaults:1 | Reached skill level 10 in Dodging
 34540 | Vaults:1 | Received a gift from Trog
 35377 | Vaults:1 | Reached skill level 27 in Axes
 35763 | Vaults:1 | Noticed Asterion
 35771 | Vaults:1 | Killed Asterion
 35789 | Vaults:1 | Reached XP level 19. HP: 158/190 MP: 19/19
 36128 | Vaults:2 | Noticed Margery
 37084 | Vaults:2 | HP: 7/181 [tengu reaver/bolt of negative energy (32)]
 37085 | Vaults:2 | Slain by a tengu reaver

Illustrated notes

Levels and vault maps discovered:
D:1:      eino_arrival_water_star, layout_loops_ring
D:2:      layout_loops_ring
D:3:      layout_loops_ring, chequers_temple_overflow_statue_of_worship,
          ebering_ecumenical_altar_hall, cheibrodos_sewer_entry_bend,
          minivault_26, uniq_natasha, uniq_jessica, uniq_robin
D:4:      due_chaos_kobolds, layout_basic
D:5:      layout_basic, minmay_temple_entry_waves, uniq_duvessa, uniq_grinder,
          uniq_eustachio, uniq_sigmund
D:6:      layout_gridville
D:7:      nzn_winding_woodlands_medium [nzn_winding_woodlands_5x5_checkerboard,
          nzn_winding_woodlands_5x15_pockets,
          nzn_winding_woodlands_5x5_perimeter, nzn_winding_woodlands_hourglass,
          nzn_winding_woodlands_center_lodge,
          nzn_winding_woodlands_5x5_closed_star,
          nzn_winding_woodlands_5x5_three, nzn_winding_woodlands_5x15_default,
          nzn_winding_woodlands_5x5_cross], layout_basic, serial_shops, shop
D:8:      layout_gridville, david_lair_generic
D:9:      layout_loops_ring, kennysheep_cross_room, uniq_erolcha
D:10:     layout_roguey, zombieorc2_lemuel
D:11:     lemuel_bear_cage, layout_rooms
D:12:     minmay_outward_triangles, layout_cave_pods, nicolae_ashenzari_skybound
D:13:     gammafunk_boulding_lane, layout_basic, david_vaults_1, enter_trove_5,
          uniq_nessos
D:14:     layout_stronghold, minmay_misc_feat_roman, serial_shops,
          nicolae_shop_trees, trog_hazing_becter, uniq_frances
D:15:     grunt_enter_depths_magical_seal, layout_long_grid,
          hangedman_abyss_or_decor_jellyfish_corner, kennysheep_treasure_room
Lair:1:   beast_lair_carwin_large_2, layout_cave_shapes, minivault_27,
          uniq_gastronok
Lair:2:   layout_roguey, nicolae_snake_entry_warm_welcome
Lair:3:   layout_hall_layers, minmay_shoals_entry_hut, st_stairs_8
Lair:4:   layout_regular_city, worms_lemuel, grunt_megastairs_2
Lair:5:   evilmike_catoblepas_cave, layout_cave_pods, slime_entry_1,
          chequers_serial_rivers_small_a
Snake:1:  layout_chambers, nicolae_snake_coiling_death
Snake:2:  layout_misc_corridors, nicolae_fountain_basement, minmay_shop_star,
          grunt_megastairs_5, serial_bayou_shore_b
Snake:3:  layout_rooms, st_stairs_5, minmay_snake_pond
Snake:4:  johnstein_snake_rune_scales, layout_onion, serial_shops, shop
Orc:1:    layout_diamond_mine, serial_shops, nicolae_shop_crystal,
          hangedman_minor_magic
Orc:2:    st_orc_rangers, layout_diamond_mine
Vaults:1: dpeg_vaults_monster_row, nicolae_vaults_windows_and_doors_thing,
          dpeg_vaults_monster_box, vaults_room_pools, v_alt_pattern_2,
          nicolae_vaults_halls_meeting, v_misc_16, vaults_room_pool,
          nicolae_vaults_little_squares_6, v_rooms_5, vaults_mumra_lcd,
          hangedman_vaults_maws, vaults_dpeg_cross, serial_ice_m,
          vaults_room_octagon, ontoclasm_vaults_idyll, v_misc_15,
          layout_vaults_maze_bifur, uniq_asterion
Vaults:2: ontoclasm_vaults_ring_square, hangedman_vaults_hard_town_square,
          nicolae_vaults_ninety_degrees, nicolae_vaults_network_barrier,
          vaults_room_ringed_pool, v_pattern_1, v_misc_25,
          vaults_standard_mumra_enter_the_diamond,
          nicolae_vaults_network_periphery, vaults_room_semicircle,
          vaults_dpeg_emergency_exit, ontoclasm_vaults_shuriken,
          nicolae_vaults_gold_heap, layout_vaults_omnibox, uniq_margery

Skill      XL: |  1  2  3  4  5  6  7  8  9 10 11 12 13 14 15 16 17 18 19 |
---------------+----------------------------------------------------------+-----
Axes           | 3 4 5 6 7 9 10 13 15 17 19 21 23 24 25 27 | 27.0
Fighting       | 4 5 6 7 9 10 12 13 15 17 19 20 21 | 21.8
Armour         | 4 5 6 7 8 9 11 12 13 14 15 16 17 | 17.7
Shields        | 4 5 6 7 |  7.0
Ranged Weapons | 1 |  1.0
Evocations     | 1 3 |  3.0
Throwing       | 1 2 3 |  3.0
Dodging        | 1 3 4 5 6 7 8 9 10 11 | 11.0

Action                   |  1- 3 |  4- 6 |  7- 9 | 10-12 | 13-15 | 16-18 | 19-21 || total
-------------------------+-------+-------+-------+-------+-------+-------+-------++-------
Melee: War axe           |    31 |   167 |   340 |   178 |       |       |       ||   716
       Battleaxe         |       |       |       |   329 |   521 |   742 |    70 ||  1662
       Broad axe         |       |       |       |       |     3 |       |       ||     3
 Fire: Sling             |       |    38 |    10 |       |       |       |       ||    48
Throw: Throwing net      |       |       |     1 |       |     1 |       |       ||     2
       Dart              |       |       |    11 |    23 |     9 |       |       ||    43
       Javelin           |       |       |       |     2 |       |       |       ||     2
Invok: Berserk           |       |       |     1 |     1 |       |     1 |       ||     3
       Trog's Hand       |       |       |       |       |     1 |       |       ||     1
Evoke: Wand              |       |       |       |     3 |       |       |       ||     3
       Lightning rod     |       |       |       |       |     1 |       |       ||     1
  Use: Scroll            |       |     3 |     6 |     9 |     6 |     5 |     2 ||    31
       Potion            |       |       |     1 |     3 |     1 |     3 |     1 ||     9
 Stab: Distracted        |       |       |       |     4 |     6 |    14 |     1 ||    25
Armor: Scale mail        |    11 |    59 |    37 |       |       |       |       ||   107
       Leather armour    |       |       |    60 |    55 |       |       |       ||   115
       Acid dragon scale |       |       |       |    33 |       |       |       ||    33
       Ring mail         |       |       |       |    43 |   149 |   169 |    21 ||   382
Dodge: Dodged            |    15 |   121 |   239 |   359 |   395 |   491 |    43 ||  1663
Block: Buckler           |     8 |    47 |    71 |    27 |       |       |       ||   153

Table legend: (Time is in decaauts)
 A = Elapsed time spent in this place.
 B = Non-inter-level travel time spent in this place.
 C = Inter-level travel time spent in this place.
 D = Time resting spent in this place.
 E = Time spent auto-exploring this place.
 F = Levels seen in this place.
 G = Mean time per level.
                   A        B        C        D        E       F      G
               +--------+--------+--------+--------+--------+-----+--------+
         Total |  36894 |  34271 |   2623 |   7337 |  21054 |  30 | 1229.8 |
       Dungeon |  16351 |  15017 |   1334 |   1893 |  10399 |  15 | 1090.1 |
          Lair |   5692 |   5273 |    419 |    517 |   4041 |   5 | 1138.4 |
     Snake Pit |   7793 |   7397 |    396 |   2832 |   3284 |   4 | 1948.2 |
  Orcish Mines |   2980 |   2647 |    333 |    806 |   1316 |   2 | 1490.0 |
        Vaults |   3667 |   3528 |    139 |   1287 |   1806 |   2 | 1833.5 |
         Abyss |     28 |     28 |      0 |      0 |     21 |   1 |   28.0 |
         Sewer |    381 |    381 |      0 |      0 |    186 |   1 |  381.0 |
               +--------+--------+--------+--------+--------+-----+--------+

Top non-repeatable levels by time:
Vaults:1: 2826 daAuts
 Snake:2: 2553 daAuts
 Snake:4: 2418 daAuts
     D:7: 1905 daAuts
   Orc:2: 1755 daAuts
 Snake:1: 1696 daAuts
    D:14: 1639 daAuts
  Lair:5: 1585 daAuts
     D:9: 1347 daAuts
  Lair:4: 1253 daAuts
   Orc:1: 1224 daAuts
    D:13: 1222 daAuts
    D:12: 1218 daAuts
 Snake:3: 1124 daAuts
     D:6: 1092 daAuts
